 Dungeon Crawl Stone Soup version 0.20-a0-537-g052e6ba (webtiles) character file.

120 HAL9000 the Slasher (level 5, -1/42 HPs)
             Began as a Barachian Berserker on Jan 27, 2017.
             Was a Believer of Trog.
             Slain by a kobold
             ... wielding a +0 whip
              (5 damage)
             ... on level 3 of the Dungeon.
             The game lasted 00:06:37 (2785 turns).

HAL9000 the Slasher (Barachian Berserker)           Turns: 2785, Time: 00:06:37

Health: -1/42      AC:  3    Str: 15    XL:     5   Next: 4%
Magic:  5/5        EV: 12    Int:  5    God:    Trog [**....]
Gold:   113        SH:  4    Dex: 12    Spells: 4/4 levels left

rFire    . . .     SeeInvis .   a - +0 falchion
rCold    . . .     Gourm    .   b - +0 animal skin
rNeg     . . .     Faith    .   f - +0 buckler
rPois    .         Spirit   .   (no helmet)
rElec    .         Reflect  .   (no cloak)
rCorr    .         Harm     .   (no gloves)
MR       .....                  (no boots)
Stlth    ..........             (no amulet)
Regen    0.2/turn               (no ring)
                                r - ring of loudness (curse)

@: exhausted, can't hop, slowed, very slow
A: swims, rugged brown scales 1, slowness 1, strong legs 1
a: Hop, Berserk, Trog's Hand, Burn Spellbooks, Renounce Religion


You were on level 3 of the Dungeon.
You worshipped Trog.
Trog was pleased with you.
You were very hungry.

You visited 1 branch of the dungeon, and saw 3 of its levels.

You collected 113 gold pieces.

Inventory:

Hand Weapons
 a - a +0 falchion (weapon)
Armour
 b - a +0 animal skin (worn)
 f - a +0 buckler (worn)
Jewellery
 r - a cursed ring of loudness (left hand)
 u - a +2 amulet of reflection {unknown}
Scrolls
 e - 2 scrolls of magic mapping {unknown}
 g - a scroll of fear {unknown}
 h - a scroll of amnesia {unknown}
 l - a scroll of identify {unknown}
 m - a scroll of remove curse {unknown}
 w - a scroll of fog {unknown}
 x - a scroll of blinking {unknown}
Potions
 n - a potion of curing
 o - a potion of berserk rage {unknown}
 q - a potion of flight {unknown}
 t - a potion of invisibility {unknown}
 v - a potion of brilliance {unknown}
Comestibles
 c - 4 bread rations
 j - 3 meat rations
 p - a royal jelly


   Skills:
 - Level 3.2 Fighting
 * Level 5.7 Long Blades
 - Level 2.1 Armour
 - Level 2.0 Dodging
 + Level 1.6 Shields


You had 4 spell levels left.
You didn't know any spells.

Dungeon Overview and Level Annotations

Branches:
Dungeon (3/15)

Altars:
Dithmenos
Uskayaw

Annotations:
D:3 Robin


Innate Abilities, Weirdness & Mutations

You can swim through water.
You cover ground slowly.
You can hop short distances.
You are partially covered in rugged brown scales. (AC +1, +3% HP)


Message History

You kill the hobgoblin!
Trog accepts your kill.
You hit the kobold but do no damage. The kobold hits you with a whip.
* * * LOW HITPOINT WARNING * * *
The kobold hits you with a whip.
* * * LOW HITPOINT WARNING * * *
You hit the kobold but do no damage.
Your skin stops crawling.
You feel less resistant to hostile enchantments.
The kobold hits you with a whip.
* * * LOW HITPOINT WARNING * * *
Unknown command.
Hop to where?
Press: ? - help, Dir - move target cursor Boing!
The kobold hits you but does no damage.
It was a potion of beneficial mutation.
Rugged brown scales grow over part of your body.
You feel fantastic! The kobold hits you with a whip.
You die...

# #J# # #(# # #g#
#.### #...# ###g#
#J# #K# #@# #.# ##
###########.# .#
#...........#
.#####.###########
.......# ########


You could see Robin, an ooze and a kobold.

Vanquished Creatures
  A jelly (D:3)
  2 adders
  An ooze (D:2)
  2 worms (D:2)
  3 dart slugs
  4 bats
  A giant cockroach (D:1)
  16 goblins
  5 hobgoblins
  4 jackals (D:1)
  6 kobolds
  A frilled lizard (D:1)
  9 rats
55 creatures vanquished.

Notes
Turn   | Place    | Note
-------+----------+-------------------------------------------
     0 | D:1      | HAL9000 the Barachian Berserker began the quest for the Orb.
     0 | D:1      | Reached XP level 1. HP: 18/18 MP: 1/1
    48 | D:1      | Reached XP level 2. HP: 15/24 MP: 2/2
   225 | D:1      | Reached skill level 4 in Long Blades
   497 | D:1      | Reached XP level 3. HP: 14/29 MP: 3/3
  1690 | D:2      | Found a hide-covered altar of Uskayaw.
  1976 | D:2      | Reached ** piety under Trog
  2027 | D:2      | Reached skill level 5 in Long Blades
  2027 | D:2      | Reached skill level 1 in Shields
  2027 | D:2      | Reached XP level 4. HP: 31/35 MP: 4/4
  2746 | D:3      | Found a shadowy altar of Dithmenos.
  2748 | D:3      | Noticed Robin
  2765 | D:3      | Reached XP level 5. HP: 26/41 MP: 5/5
  2785 | D:3      | Gained mutation: You are partially covered in rugged brown scales. (AC +1, +3% HP) [potion of beneficial mutation]
  2785 | D:3      | Slain by a kobold

Vault maps used:
D:1:      dpeg_arrival_pond
D:2:      eat_drink_and_be_merry_uskayaw
D:3:      nicolae_overflow_hidden_temple, first_bread, uniq_robin

Skill      XL: |  1  2  3 |
---------------+----------+-----
Long Blades    | 4 5 |  5.7
Shields        | 1 |  1.6
Fighting       | |  3.2
Armour         | |  2.1
Dodging        | |  2.0

Action                   |  1- 3 |  4- 6 || total
-------------------------+-------+-------++-------
Melee: Falchion          |   136 |    55 ||   191
Invok: Berserk           |       |     1 ||     1
       Trog's Hand       |       |     1 ||     1
 Abil: Hop               |       |     1 ||     1
  Use: Potion            |       |     2 ||     2
  Eat: Chunk             |     4 |     3 ||     7
Armor: Animal skin       |    25 |     9 ||    34
Dodge: Dodged            |    97 |    38 ||   135
Block: Buckler           |    20 |     9 ||    29
       Rpst.: Falchion   |    24 |    10 ||    34
